 Dungeon Crawl Stone Soup version 0.25.1-2-g60ff931df9 (webtiles) character file.

Game seed: 15462464092092370936

250 DogServant the Skirmisher (level 6, -2/52 HPs)
             Began as a Barachi Hunter on Oct 18, 2020.
             Was a Plaything of Xom.
             Slain by an ogre
             ... wielding a +0 giant club
              (27 damage)
             ... on level 4 of the Dungeon.
             The game lasted 00:05:37 (3438 turns).

DogServant the Skirmisher (Barachi Hunter)          Turns: 3438, Time: 00:05:37

Health: -2/52      AC:  4    Str: 16    XL:     6   Next: 13%
Magic:  6/6        EV: 12    Int: 11    God:    Xom [..*...]
Gold:   304        SH:  0    Dex: 12    Spells: 5/5 levels left

rFire    . . .     SeeInvis +   f - +2 spear (vamp)
rCold    . . .     Gourm    .   (no shield)
rNeg     . . .     Faith    .   c - +0 leather armour
rPois    .         Spirit   .   (no helmet)
rElec    .         Reflect  .   (no cloak)
rCorr    .         Harm     .   m - +0 pair of gloves
MR       .....                  (no boots)
Stlth    +.........             (no amulet)
HPRegen  0.17/turn              i - ring of see invisible
MPRegen  0.10/turn              (no ring)

@: slow
A: +LOS, swims, slowness 1, strong legs 1
a: Hop, Renounce Religion


You were on level 4 of the Dungeon.
You worshipped Xom.
You were a toy of Xom.
You were not hungry.

You visited 1 branch of the dungeon, and saw 4 of its levels.

You collected 304 gold pieces.

Inventory:

Hand Weapons
 a - a +1 hand crossbow
 b - a +0 short sword
 f - a +2 vampiric spear (weapon)
Missiles
 d - 41 bolts
 k - 8 silver javelins (quivered)
Armour
 c - a +0 leather armour (worn)
 g - a +2 ring mail of fire resistance
 m - a +0 pair of gloves (worn)
Jewellery
 i - a ring of see invisible (left hand)
Wands
 y - a wand of disintegration (10)
Scrolls
 e - a scroll of identify
 h - 3 scrolls of random uselessness {unknown}
 j - a scroll of blinking {unknown}
 l - a scroll of noise {unknown}
 n - a scroll of fear {unknown}
 s - 2 scrolls of teleportation {unknown}
 t - a scroll of amnesia {unknown}
 v - a scroll of enchant armour {unknown}
 w - a scroll of immolation {unknown}
Potions
 q - 3 potions of curing
 r - 2 potions of magic
 u - a potion of resistance {unknown}
 x - a potion of lignification {unknown}
Comestibles
 o - 4 chunks of flesh
 p - 6 rations


   Skills:
 + Level 6.2 Fighting
 - Level 5.3 Crossbows
 - Level 2.1 Dodging
 - Level 0.8 Stealth


You had 5 spell levels left.
You didn't know any spells.
Your spell library was empty.

Dungeon Overview and Level Annotations

Branches:
Dungeon (4/15)
 Temple: D:4-7

Altars:
Cheibriados
Nemelex Xobeh
Qazlal
Sif Muna
Trog
Wu Jian
Xom
The Shining One


Innate Abilities, Weirdness & Mutations

You can be seen from farther away. (+LOS)
You can swim through water.
You cover ground slowly.
You can hop short distances.


Message History

Attack whom?
Press: ? - help, Dir - move target cursor, f/p - ogre
Aim: an ogre, wielding a +0 giant club (severely wounded)
You hit the ogre but do no damage.
The ogre is severely wounded.
The ogre closely misses you.
Attack whom?
Press: ? - help, Dir - move target cursor, f/p - ogre
Aim: an ogre, wielding a +0 giant club (severely wounded)
You hit the ogre.
The ogre is almost dead.
The ogre closely misses you.
Attack whom?
Press: ? - help, Dir - move target cursor, f/p - ogre
Aim: an ogre, wielding a +0 giant club (almost dead)
You hit the ogre but do no damage.
The ogre is almost dead.
The ogre hits you with a +0 giant club!!
Ouch! That really hurt!
You die...

....#.# *,* ..... , .....>#
#, ,,...., ,,
......###..,,....,...
..#..........#..#*..########
..#........###..# .....>...#
............##..# .........#
#.......#...##..# #...b....#
#.......#....#..###........#
........#.......@.#........#
...###.######..##O#.b.b....#
...#...# ##.###....[#
.....)## ##..# ####..#
.......## #..## *..#
..####..###.##### .(#
..###.....#.....## ...
..##....)........#* #...
..#....)..........# ....


You could see an ogre.

Vanquished Creatures
  2 orc wizards (D:4)
  3 worker ants
  A gnoll (D:1)
  3 adders
  An ooze (D:2)
  A worm (D:2)
  3 dart slugs
  A leopard gecko (D:2)
  12 orcs
  6 bats
  4 giant cockroaches
  3 goblins
  6 hobgoblins
  5 jackals
  3 frilled lizards
  4 kobolds
  A quokka skeleton (D:3)
  7 rats
66 creatures vanquished.

Vanquished Creatures (others)
  4 toadstools (D:1)
4 creatures vanquished.

Grand Total: 70 creatures vanquished

Notes
Turn   | Place    | Note
-------+----------+-------------------------------------------
     0 | D:1      | DogServant the Barachi Hunter began the quest for the Orb.
     0 | D:1      | Reached XP level 1. HP: 17/17 MP: 1/1
   348 | D:1      | Reached XP level 2. HP: 19/23 MP: 2/2
   357 | D:1      | Reached skill level 3 in Fighting
  1150 | D:1      | Reached XP level 3. HP: 25/29 MP: 3/3
  1335 | D:2      | Found a snail-covered altar of Cheibriados.
  1395 | D:2      | Found a shimmering blue altar of Sif Muna.
  1395 | D:2      | Found a shimmering altar of Xom.
  1396 | D:2      | Found a bloodstained altar of Trog.
  1402 | D:2      | Reached XP level 4. HP: 37/37 MP: 4/4
  1409 | D:2      | Became a worshipper of Xom of Chaos
  1417 | D:2      | Reached skill level 4 in Fighting
  1587 | D:2      | XOM: silly message
  1644 | D:2      | Reached skill level 5 in Crossbows
  1645 | D:2      | Found a stormy altar of Qazlal.
  1816 | D:2      | Found a faded altar of an unknown god.
  2023 | D:2      | Found a glowing golden altar of the Shining One.
  2458 | D:3      | Reached XP level 5. HP: 43/43 MP: 5/5
  2894 | D:3      | Found a sparkling altar of Nemelex Xobeh.
  3036 | D:4      | Reached skill level 5 in Fighting
  3241 | D:4      | Found an ornate altar of the Wu Jian Council.
  3242 | D:4      | XOM: divination: magic mapping
  3254 | D:4      | XOM: enchant monster (bad)
  3298 | D:4      | XOM: cast spell 'Cause Fear'
  3301 | D:4      | Reached skill level 6 in Fighting
  3301 | D:4      | Reached XP level 6. HP: 35/52 MP: 6/6
  3424 | D:4      | XOM: cast spell 'Summon Small Mammal'
  3427 | D:4      | XOM: butterfly on damage
  3438 | D:4      | Slain by an ogre

Illustrated notes

Levels and vault maps discovered:
D:1:      minmay_arrival_wavy_path, layout_loops_corners,
          minmay_gold_behind_fungi, nrook_mini_vaults,
          chequers_serial_rivers_micro_b
D:2:      layout_basic, grunt_temple_overflow_open, old_standard_altar,
          tso_metal_star, kennysheep_slug_shrine, serial_curves, eino_curves_04,
          eino_curves_01, eino_curves_04, eino_curves_02,
          chequers_ecumenical_altar_simple_redux, minmay_misc_feat_five
D:3:      layout_basic, marbit_many_paths, bh_walls_and_bars
D:4:      layout_rooms, overflow_temple_1_default, serial_park_tiny_pond

Skill      XL: |  1  2  3  4  5 |
---------------+----------------+-----
Fighting       | 3 4 6 |  6.2
Crossbows      | 5 |  5.3
Dodging        | |  2.1
Stealth        | |  0.8

Action                   |  1- 3 |  4- 6 || total
-------------------------+-------+-------++-------
Melee: Short sword       |    55 |       ||    55
       Spear             |       |   166 ||   166
 Fire: Hand crossbow     |    18 |     7 ||    25
Throw: Javelin           |       |     5 ||     5
 Abil: Hop               |       |     1 ||     1
  Use: Scroll            |       |     2 ||     2
 Stab: Sleeping          |       |     4 ||     4
  Eat: Ration            |     1 |       ||     1
       Chunk             |       |     6 ||     6
Armor: Leather armour    |    28 |    35 ||    63
Dodge: Dodged            |    50 |    78 ||   128
